AoeStats
← Hacıİlbey

Arabia

506174810Analyzed
2v2 RM · 19d ago on Sep 12, 2026· 42m 21s· 4 players
Game mode
Random Map
Map size
Medium (4 player)
Population
200
Speed
Normal
Resources
Standard
Victory
Conquest
Starting age
Dark Age
Ending age
Imperial Age
RankedLock teamsTeams togetherTeam positionsShared explorationLock speedFull tech treeHidden civsTurbo modeCheats
Victory
Defeat
🇧🇷 Vikings · Brazil
1058
+18
🇬🇧 Poles · United Kingdom
1041
+18
🇹🇷 Magyars · Türkiye
1095
-18
🇹🇷 Hindustanis · Türkiye
1093
-18
BiDiDaGo
12:03 Feudal Age
10:26 Loom
12:28 Horse Collar
12:34 Double-Bit Axe
19:52 Castle Age
18:23 Bloodlines
19:09 Fletching
21:16 Heavy Plow
21:39 Bow Saw
22:00 Husbandry
23:32 Forging
26:45 Stone Mining
26:48 Gold Mining
27:39 Light Cavalry
31:49 Wheelbarrow
34:28 Imperial Age
31:45 Town Watch
33:27 Scale Barding Armor
33:58 Iron Casting
34:29 Stone Shaft Mining
35:05 Chain Barding Armor
34:42 Bodkin Arrow
35:36 Lechitic Legacy
34:38 Winged Hussar
36:21 Hand Cart
35:51 Treadmill Crane
37:48 Blast Furnace
37:16 Conscription
42:34 Bracer
cmvaroda
6:58 Loom
9:24 Feudal Age
9:56 Double-Bit Axe
21:07 Castle Age
19:53 Horse Collar
21:22 Padded Archer Armor
21:13 Crossbowman
24:11 Pikeman
25:00 Stone Mining
27:44 Imperial Age
26:43 Bow Saw
27:04 Leather Archer Armor
26:46 Fletching
27:03 Heavy Plow
27:22 Scale Mail Armor
27:31 Squires
28:35 Arbalester
34:01 Crop Rotation
34:05 Ring Archer Armor
33:47 Forging
36:15 Two-Man Saw
35:39 Ballistics
38:04 Chemistry
39:17 Elite Berserk
42:57 Chain Mail Armor
43:18 Iron Casting
avare
5:22 Loom
9:19 Feudal Age
18:05 Fletching
18:06 Double-Bit Axe
18:04 Horse Collar
22:31 Castle Age
21:12 Padded Archer Armor
21:33 Gold Mining
22:41 Elite Skirmisher
24:15 Bodkin Arrow
24:36 Leather Archer Armor
26:14 Bow Saw
27:23 Wheelbarrow
31:10 Heavy Plow
34:42 Hand Cart
38:24 Imperial Age
36:03 Scale Barding Armor
37:01 Ballistics
36:52 Masonry
37:51 Husbandry
38:02 Bloodlines
38:18 Chain Barding Armor
38:28 Cavalier
40:20 Chemistry
Hacıİlbey
6:27 Loom
8:51 Feudal Age
15:47 Double-Bit Axe
16:05 Horse Collar
17:30 Scale Barding Armor
22:50 Castle Age
22:02 Forging
21:53 Scale Mail Armor
23:58 Bloodlines
23:49 Husbandry
24:27 Bow Saw
27:22 Wheelbarrow
29:58 Chain Barding Armor
35:54 Imperial Age
34:09 Arson
35:03 Gold Mining
35:03 Stone Mining
35:50 Chain Mail Armor
35:49 Fletching
36:36 Iron Casting
37:02 Hand Cart
36:45 Town Watch
37:41 Heavy Plow
37:31 Elite Ghulam
40:59 Blast Furnace
42:03 Heavy Camel Rider
42:05 Light Cavalry
Connection lost

Rejoining the realm…

Still unreachable

The connection could not be restored.

Session expired

The server has moved on; the page needs a fresh start.